 Dungeon Crawl Stone Soup version 0.28-a0-697-g47f3eba078 (webtiles) character file.

Game seed: 9090579227679337785

105 Gwenloh the Skirmisher (level 4, -3/35 HPs)
             Began as a Demonspawn Abyssal Knight on Oct 24, 2021.
             Was a Believer of Lugonu.
             Slain by Robin (6 damage)
             ... on level 2 of the Dungeon.
             The game lasted 00:04:08 (2280 turns).

Gwenloh the Skirmisher (Demonspawn Abyssal Knight)  Turns: 2280, Time: 00:04:09

Health: -3/35      AC:  3    Str: 14    XL:     4   Next: 53%
Magic:  6/6        EV: 11    Int: 11    God:    Lugonu [**....]
Gold:   49         SH:  0    Dex: 14    Spells: 3/3 levels left

rFire   . . .      SeeInvis .   a - +1 mace
rCold   . . .      Faith    .   (no shield)
rNeg    . . .      Spirit   .   b - +0 leather armour
rPois   +          Reflect  .   (no helmet)
rElec   .          Harm     .   (no cloak)
rCorr   .          Rampage  .   (no gloves)
Will    .....                   (no boots)
Stlth   +.........              (no amulet)
HPRegen 0.11/turn               g - ring of poison resistance
MPRegen 0.10/turn               (no ring)

@: no status effects
A: weakness stinger 2
a: Renounce Religion, Depart the Abyss, Bend Space


You were on level 2 of the Dungeon.
You worshipped Lugonu.
Lugonu was pleased with you.
You visited 1 branch of the dungeon, and saw 2 of its levels.
You visited the Abyss 1 time.

You collected 49 gold pieces.

Inventory:

Hand Weapons
 a - a +1 mace (weapon)
Missiles
 d - 28 stones (quivered)
 f - 24 bolts
Armour
 b - a +0 leather armour (worn)
Jewellery
 g - a ring of poison resistance (left hand)
Scrolls
 h - a scroll of amnesia {unknown}
 i - a scroll of enchant armour {unknown}
 j - a scroll of noise {unknown}
Potions
 c - a potion of ambrosia {unknown}
 e - a potion of heal wounds {unknown}


   Skills:
 + Level 3.4 Fighting
 + Level 2.8 Maces & Flails
 + Level 1.5 Throwing
 + Level 2.4 Armour
 + Level 1.1 Dodging
 + Level 0.2 Stealth
 + Level 2.7 Invocations


You had 3 spell levels left.
You didn't know any spells.
Your spell library was empty.

Dungeon Overview and Level Annotations

Branches:
Dungeon (2/15)

Altars:

Annotations:
D:2 Robin


Innate Abilities, Weirdness & Mutations

You have a tail ending in a sharp stinger.


Message History

Robin hits you with a +0 trident!
Items here: ))) †.
You completely miss Robin. Robin barely misses you.
Robin hits you with a +0 trident!
* * * LOW HITPOINT WARNING * * *
You sock Robin!
Robin is heavily wounded.
Robin hits you but does no damage.
You hit Robin but do no damage.
Robin is heavily wounded.
Robin hits you with a +0 trident.
* * * LOW HITPOINT WARNING * * *
You hit Robin.
Robin is heavily wounded.
Robin hits you with a +0 trident.
* * * LOW HITPOINT WARNING * * *
Okay, then.
You hit Robin.
Robin is severely wounded.
Robin hits you with a +0 trident.
* * * LOW HITPOINT WARNING * * *
Robin hits you with a +0 trident.
* * * LOW HITPOINT WARNING * * *
You hit Robin but do no damage.
Robin is severely wounded.
A goblin comes into view. It is wielding a +0 club.
Robin roars a battlecry!
The goblin goes into a battle-frenzy!
The goblin shouts!
You hit Robin.
Robin is almost dead.
You hear a shout!
Robin barely misses you.
You barely miss Robin.
Your tail-slap misses Robin.
Robin is almost dead.
Robin misses you.
You hit Robin.
Robin is almost dead.
Robin barely misses you. Robin hits you with a +0 trident.
You die...

#.# ## #.#.# .# #.#.#
####)# #.#.# #.@g(#
##.#.# #.#g.#
#....#######.#..#
#.........##.#..#
#.......#.##.#..#
####....##.#.##.#...
#.......#.....#.##.##
#.#####.####..#.# ..
................# ..#


You could see Robin and a goblin (strong).

Vanquished Creatures
  Jessica (D:2)
  3 adders (D:2)
  A worm (D:2)
  A dart slug (D:1)
  6 bats
  3 endoplasms (D:1)
  4 giant cockroaches
  10 goblins
  3 hobgoblins (D:1)
  3 kobolds
  A quokka (D:1)
  4 ball pythons (D:1)
  2 frilled lizards (D:2)
  5 rats
47 creatures vanquished.

Notes
Turn   | Place    | Note
-------+----------+-------------------------------------------
     0 | Abyss:1  | Gwenloh the Demonspawn Abyssal Knight began the quest for
                  | the Orb.
     0 | Abyss:1  | Reached XP level 1. HP: 18/18 MP: 2/2
   120 | Abyss:1  | Noticed a quasit
   124 | D:1      | Escaped the Abyss
   216 | D:1      | Reached * piety under Lugonu
   235 | D:1      | Gained mutation: You have a small tail. [demonic ancestry]
   235 | D:1      | Reached XP level 2. HP: 23/24 MP: 4/4
   799 | D:1      | Found a faded altar of an unknown god.
  1294 | D:2      | Gained mutation: You have a tail ending in a sharp stinger.
                  | [demonic ancestry]
  1294 | D:2      | Reached XP level 3. HP: 28/29 MP: 5/5
  1378 | D:2      | Noticed Jessica
  1385 | D:2      | Killed Jessica
  1386 | D:2      | Reached skill level 1 in Throwing
  1386 | D:2      | Reached skill level 1 in Dodging
  1459 | D:2      | Reached XP level 4. HP: 25/35 MP: 6/6
  2260 | D:2      | Noticed Robin
  2264 | D:2      | Reached ** piety under Lugonu
  2280 | D:2      | Slain by Robin

Illustrated notes

Levels and vault maps discovered:
D:1:      pf_arrival_petrified_forest, layout_basic,
          hellmonk_ecumenical_altar_blasted, minmay_tall_x
D:2:      layout_basic, minmay_tetromino_o2, uniq_robin, uniq_jessica

Skill      XL: |  1  2  3 |
---------------+----------+-----
Maces & Flails | 2 |  2.8
Armour         | 2 |  2.4
Throwing       | 1 |  1.5
Dodging        | 1 |  1.1
Fighting       | |  3.4
Stealth        | |  0.2
Invocations    | |  2.7

Action                   |  1- 3 |  4- 6 || total
-------------------------+-------+-------++-------
Melee: Mace              |    74 |    57 ||   131
       Tailslap          |     5 |     4 ||     9
Throw: Stone             |    66 |    24 ||    90
Invok: Depart the Abyss  |     1 |       ||     1
Armor: Leather armour    |    21 |    13 ||    34
Dodge: Dodged            |    48 |    37 ||    85

Table legend: (Time is in decaauts)
 A = Elapsed time spent in this place.
 B = Non-inter-level travel time spent in this place.
 C = Inter-level travel time spent in this place.
 D = Time resting spent in this place.
 E = Time spent auto-exploring this place.
 F = Levels seen in this place.
 G = Mean time per level.
                   A        B        C        D        E       F      G
               +--------+--------+--------+--------+--------+-----+--------+
         Total |   2321 |   2312 |      9 |    211 |   1704 |   3 |  773.7 |
       Dungeon |   2197 |   2188 |      9 |    211 |   1586 |   2 | 1098.5 |
         Abyss |    124 |    124 |      0 |      0 |    118 |   1 |  124.0 |
               +--------+--------+--------+--------+--------+-----+--------+

Top non-repeatable levels by time:
     D:1: 1178 daAuts
     D:2: 1018 daAuts
 Abyss:1: 124 daAuts
